AoeStats
← 150490644@

Arabia

510137294Analyzed
1v1 RM · 2d ago on Sep 29, 2026· 56m 18s· 2 players
Game mode
Random Map
Map size
Tiny (2 player)
Population
200
Speed
Normal
Resources
Standard
Victory
Conquest
Starting age
Dark Age
Ending age
Imperial Age
RankedLock teamsTeams togetherTeam positionsShared explorationLock speedFull tech treeHidden civsTurbo modeCheats
Victory
Defeat
🇰🇿 Berbers · Kazakhstan
996
+17
🇮🇹 Franks · Italy
1020
-17
FallenFighter dreifuet
8:45 Loom
11:36 Feudal Age
17:05 Castle Age
15:10 Double-Bit Axe
17:02 Horse Collar
18:26 Forging
18:42 Bow Saw
19:47 Scale Barding Armor
21:17 Husbandry
23:14 Wheelbarrow
23:29 Heavy Plow
27:38 Gold Mining
27:40 Stone Mining
28:09 Fletching
30:18 Gold Shaft Mining
30:34 Hand Cart
34:12 Bodkin Arrow
34:51 Padded Archer Armor
35:28 Iron Casting
35:51 Ballistics
35:39 Town Watch
37:00 Town Patrol
38:41 Chain Barding Armor
38:41 Bloodlines
38:32 Murder Holes
39:28 Stone Shaft Mining
42:31 Imperial Age
41:08 Leather Archer Armor
43:02 Elite Camel Archer
45:40 Hoardings
45:47 Siege Engineers
48:30 Light Cavalry
51:18 Bracer
53:01 Chemistry
57:13 Blast Furnace
150490644@
7:26 Loom
9:30 Feudal Age
10:18 Double-Bit Axe
16:23 Wheelbarrow
20:32 Castle Age
18:56 Gold Mining
19:24 Man-at-Arms
20:32 Scale Barding Armor
21:28 Forging
21:14 Pikeman
23:05 Squires
23:38 Husbandry
24:49 Scale Mail Armor
28:52 Bow Saw
29:51 Hand Cart
40:46 Imperial Age
40:02 Chain Barding Armor
41:05 Cavalier
44:55 Iron Casting
47:02 Plate Barding Armor
47:28 Blast Furnace
51:37 Gold Shaft Mining
54:51 Masonry
55:06 Light Cavalry
56:04 Chain Mail Armor
Connection lost

Rejoining the realm…

Still unreachable

The connection could not be restored.

Session expired

The server has moved on; the page needs a fresh start.